AoeStats
← claudio_miranda_94

Arabia

509802723Analyzed
1v1 RM · 4d ago on Sep 28, 2026· 46m 28s· 2 players
Game mode
Random Map
Map size
Tiny (2 player)
Population
200
Speed
Normal
Resources
Standard
Victory
Conquest
Starting age
Dark Age
Ending age
Imperial Age
RankedLock teamsTeams togetherTeam positionsShared explorationLock speedFull tech treeHidden civsTurbo modeCheats
Victory
Defeat
🇨🇱 Turks · Chile
796
+12
🇺🇸 Khmer · United States
699
-12
Bleedrs
9:05 Loom
12:05 Feudal Age
12:54 Double-Bit Axe
15:28 Castle Age
19:21 Bow Saw
27:06 Horse Collar
28:12 Light Cavalry
29:43 Ballistics
34:25 Imperial Age
32:48 Wheelbarrow
32:53 Fletching
35:12 Hussar
35:56 Husbandry
36:35 Heavy Plow
39:02 Bloodlines
39:36 Double Crossbow
43:37 Heavy Scorpion
claudio_miranda_94
3:21 Loom
11:36 Feudal Age
13:35 Double-Bit Axe
15:08 Horse Collar
21:36 Castle Age
20:12 Gold Mining
20:14 Stone Mining
22:45 Thumb Ring
23:07 Heavy Plow
23:21 Bow Saw
30:35 Imperial Age
28:31 Padded Archer Armor
28:22 Fletching
29:36 Wheelbarrow
28:47 Town Watch
30:46 Hand Cart
30:54 Town Patrol
31:12 Husbandry
31:24 Bloodlines
31:22 Murder Holes
31:39 Masonry
32:50 Sipahi
33:48 Parthian Tactics
34:27 Elite Janissary
37:28 Heavy Cavalry Archer
39:39 Two-Man Saw
39:17 Gold Shaft Mining
42:00 Ballistics
41:51 Fortified Wall
41:22 Treadmill Crane
42:13 Architecture
44:37 Leather Archer Armor
44:18 Bodkin Arrow
Connection lost

Rejoining the realm…

Still unreachable

The connection could not be restored.

Session expired

The server has moved on; the page needs a fresh start.